 Dungeon Crawl Stone Soup version 0.22.0-27-ga576289601 (webtiles) character file.

634433 Kniotic the Pyromancer (level 25, -5/213 HPs)
             Began as a Demigod Conjurer on Aug 20, 2018.
             Killed from afar by Boris (33 damage)
             ... with an iron shot
             ... on level 2 of the Tomb of the Ancients on Aug 21, 2018.
             The game lasted 09:14:47 (153589 turns).

Kniotic the Pyromancer (Demigod Conjurer)         Turns: 153589, Time: 09:14:48

Health: -5/213     AC: 17    Str:  7 (13) XL:     25   Next: 56%
Magic:  12/54      EV: 21    Int: 47 (52) God:
Gold:   2130       SH:  9    Dex: 22 (23) Spells: 3/65 levels left

rFire    + + +     SeeInvis .   K - +1 scimitar "Ylirapp" {holy, +Fly rPois rF+ Int+4}
rCold    + + +     Gourm    +   B - +3 buckler {AC+3}
rNeg     + + .     Faith    .   N - +0 robe of the Greedy {+Fly rF+ Dex+4}
rPois    +         Spirit   .   F - +2 hat
rElec    .         Reflect  .   L - +1 cloak "Unuod" {Int+6}
rCorr    .         Harm     .   u - +2 pair of gloves
MR       +++++                  T - +2 pair of boots {run}
Stlth    +.........             M - amulet of Benina {Gourm rC+ MR+ Slay+5}
HPRegen  0.45/turn              n - ring of the Commoners {rC+ MR++ Int+9 Stlth-}
MPRegen  0.34/turn              p - ring "Wotoeck" {rF+ rC+ rN++ Dex+3}

@: very slightly contaminated, slowed, very slow
A: thin metallic scales 1, deterioration 1, fire resistance 1, high mp 1, robust
1
}: 4/15 runes: barnacled, slimy, silver, gossamer
a: Evoke Flight


You were on level 2 of the Tomb of the Ancients.
You were not hungry.

You visited 13 branches of the dungeon, and saw 56 of its levels.
You visited the Abyss 2 times.
You also visited: Bailey and Ice Cave.

You collected 10036 gold pieces.
You spent 7906 gold pieces at shops.

Inventory:

Hand Weapons
 K - the +1 scimitar "Ylirapp" (weapon) {holy, +Fly rPois rF+ Int+4}
   (You took it off a vault warden on level 5 of the Vaults)

   It has been blessed by the Shining One to cause great damage to the undead
   and demons.
   It affects your intelligence (+4).
   It protects you from fire.
   It protects you from poison.
   It lets you fly.
Armour
 f - a scarf of repulsion
 u - a +2 pair of gloves (worn)
 B - a +3 buckler of protection (worn)
 F - a +2 hat (worn)
 L - the +1 cloak "Unuod" (worn) {Int+6}
   (You found it on level 3 of the Elven Halls)

   It affects your intelligence (+6).
 N - the +0 robe of the Greedy (worn) {+Fly rF+ Dex+4}
   (You took it off a deep elf annihilator on level 3 of the Elven Halls)

   It affects your dexterity (+4).
   It protects you from fire.
   It lets you fly.
 T - a +2 pair of boots of running (worn)
Magical Staves
 h - an uncursed staff of energy
 w - an uncursed staff of power
Jewellery
 n - the ring of the Commoners (left hand) {rC+ MR++ Int+9 Stlth-}
   (You found it on level 5 of the Pits of Slime)

   [ring of protection from cold]

   It affects your intelligence (+9).
   It protects you from cold.
   It affects your resistance to hostile enchantments.
   It makes you less stealthy.
 p - the ring "Wotoeck" (right hand) {rF+ rC+ rN++ Dex+3}
   (You took it off a frost giant in an ice cave)

   [ring of protection from cold]

   It affects your dexterity (+3).
   It protects you from fire.
   It protects you from cold.
   It greatly protects you from negative energy.
 y - an uncursed ring of see invisible
 A - the amulet of the Five Stars {Reflect SH+2 Stlth+}
   (You took it off a vault guard on level 5 of the Vaults)

   [amulet of reflection]

   It shields you and reflects attacks.
   It affects your SH (+2).
   It makes you more stealthy.
 D - the ring "Xaemek" {MP+9 Dex+2}
   (You took it off a rakshasa on level 4 of the Depths)

   [ring of magical power]

   It affects your dexterity (+2).
   It affects your magic capacity (+9).
 H - an uncursed ring of wizardry
 M - the amulet of Benina (around neck) {Gourm rC+ MR+ Slay+5}
   (You took it off a spriggan defender on level 4 of the Depths)

   [amulet of the gourmand]

   It allows you to eat raw meat even when not hungry.
   It affects your accuracy and damage with ranged weapons and melee attacks
   (+5).
   It protects you from cold.
   It affects your resistance to hostile enchantments.
 O - an uncursed ring of wizardry
 X - the ring "Seasheuq" {Fire rPois Int+6 Dex+4}
   (You took it off a deep elf demonologist on level 4 of the Depths)

   [ring of fire]

   It enhances your fire magic.
   It affects your intelligence (+6).
   It affects your dexterity (+4).
   It protects you from fire.
   It makes you vulnerable to cold.
   It protects you from poison.
Wands
 j - a wand of acid (23)
 P - a wand of digging (7)
 U - a wand of clouds (8)
Scrolls
 a - 2 scrolls of blinking
 b - 11 scrolls of teleportation
 e - 8 scrolls of magic mapping
 k - 25 scrolls of remove curse
 v - 11 scrolls of enchant armour
 x - 4 scrolls of fear
 C - 10 scrolls of amnesia
 E - 3 scrolls of fog
 G - 4 scrolls of silence
 I - 5 scrolls of holy word
 Z - 4 scrolls of vulnerability
Potions
 d - 2 potions of resistance
 g - 7 potions of brilliance
 i - 5 potions of haste
 m - 2 potions of magic
 o - 8 potions of might
 q - 3 potions of heal wounds
 r - 3 potions of cancellation
 s - 11 potions of curing
 z - 4 potions of mutation
 V - 3 potions of agility
Miscellaneous
 t - a box of beasts
 Q - a phial of floods
 R - a crystal ball of energy
 S - 6 sacks of spiders
 W - 2 phantom mirrors
 Y - a fan of gales
Comestibles
 c - 97 rations


   Skills:
 - Level 10.0 Fighting
 - Level 10.0 Dodging
 - Level 1.7 Stealth
 - Level 5.0 Shields
 + Level 20.9 Spellcasting
 - Level 20.0 Conjurations
 - Level 16.0 Hexes
 + Level 13.8 Translocations
 - Level 21.0 Fire Magic
 + Level 9.2 Evocations


You had 3 spell levels left.
You knew the following spells:

 Your Spells              Type           Power        Failure   Level  Hunger
a - Fireball              Conj/Fire      ########..   0%          5    None
b - Iron Shot             Conj/Erth      #######...   1%          6    None
c - Fulminant Prism       Conj/Hex       ########..   0%          4    None
d - Spellforged Servitor  Conj/Summ      #######...   4%          7    None
e - Blink                 Tloc           N/A          0%          2    None
f - Confuse               Hex            ########     0%          3    None
g - Controlled Blink      Tloc           N/A          9%          8    None
h - Invisibility          Hex            ########     1%          6    None
i - Ignition              Fire           ########..   1%          8    None
j - Animate Dead          Necr           N/A          3%          4    None
l - Fire Storm            Conj/Fire      ########..   8%          9    #......

Your spell library contained the following spells:

 Spells                   Type           Power        Failure   Level  Hunger
 Apportation              Tloc           ######       0%          1    None
 Confusing Touch          Hex            ######       0%          1    None
 Corona                   Hex            #######      0%          1    None
 Flame Tongue             Conj/Fire      #####        0%          1    None
 Magic Dart               Conj           ####         0%          1    None
 Shock                    Conj/Air       ####         0%          1    None
 Searing Ray              Conj           ######       0%          2    None
 Slow                     Hex            ########     0%          2    None
 Throw Flame              Conj/Fire      ######       0%          2    None
 Throw Frost              Conj/Ice       ######       0%          2    None
 Conjure Flame            Conj/Fire      ########     0%          3    None
 Dazzling Spray           Conj/Hex       ######       0%          3    None
 Gell's Gravitas          Tloc           ########..   0%          3    None
 Inner Flame              Hex/Fire       ########     0%          3    None
 Lesser Beckoning         Tloc           ########..   0%          3    None
 Portal Projectile        Hex/Tloc       ######       0%          3    None
 Teleport Other           Tloc           ########     0%          3    None
 Tukima's Dance           Hex            ########     0%          3    None
 Animate Skeleton         Necr           N/A          1%          1    None
 Beastly Appendage        Tmut           #####.       1%          1    None
 Freeze                   Ice            ####         1%          1    None
 Infusion                 Chrm           ####         1%          1    None
 Pain                     Necr           ####         1%          1    None
 Sandblast                Erth           #####.       1%          1    None
 Summon Butterflies       Summ           #####...     1%          1    None
 Summon Small Mammal      Summ           ####         1%          1    None
 Call Imp                 Summ           #####...     1%          2    None
 Corpse Rot               Necr           N/A          1%          2    None
 Ensorcelled Hibernation  Hex/Ice        ######       1%          2    None
 Passwall                 Tmut/Erth      #####...     1%          2    None
 Poisonous Vapours        Pois/Air       #####.       1%          2    None
 Shroud of Golubria       Chrm/Tloc      #######...   1%          2    None
 Song of Slaying          Chrm           #####...     1%          2    None
 Sticks to Snakes         Tmut           #####...     1%          2    None
 Sublimation of Blood     Necr           #####.....   1%          2    None
 Call Canine Familiar     Summ           #####...     1%          3    None
 Ignite Poison            Fire/Tmut/Pois #######.     1%          3    None
 Mephitic Cloud           Conj/Pois/Air  #######.     1%          3    None
 Ozocubu's Armour         Chrm/Ice       #####...     1%          3    None
 Recall                   Summ/Tloc      N/A          1%          3    None
 Regeneration             Chrm/Necr      #####.....   1%          3    None
 Spectral Weapon          Hex/Chrm       #######.     1%          3    None
 Spider Form              Tmut/Pois      #####.....   1%          3    None
 Static Discharge         Conj/Air       #######.     1%          3    None
 Stone Arrow              Conj/Erth      ######       1%          3    None
 Summon Guardian Golem    Hex/Summ       #######.     1%          3    None
 Vampiric Draining        Necr           #####.....   1%          3    None
 Cause Fear               Hex            ########..   0%          4    None
 Force Lance              Conj/Tloc      ########     0%          4    None
 Iskenderun's Mystic Bla  Conj           ########     0%          4    None
 Sticky Flame             Conj/Fire      ########     0%          4    None
 Bolt of Fire             Conj/Fire      ########..   0%          6    None
 Leda's Liquefaction      Hex/Erth       #######...   1%          4    None
 Throw Icicle             Conj/Ice       #######.     1%          4    None
 Bolt of Draining         Conj/Necr      #######...   1%          5    None
 Bolt of Magma            Conj/Fire/Erth ########..   1%          5    None
 Irradiate                Conj/Tmut      #######...   1%          5    None
 Lightning Bolt           Conj/Air       #######...   1%          5    None
 Metabolic Englaciation   Hex/Ice        #######...   1%          5    None
 Silence                  Hex/Air        #######...   1%          5    None
 Summon Forest            Summ/Tloc      #######...   1%          5    None
 Summon Mana Viper        Hex/Summ       #######.     1%          5    None
 Yara's Violent Unravell  Hex/Tmut       #######...   1%          5    None
 Conjure Ball Lightning   Conj/Air       #######...   1%          6    None
 Dispersal                Tloc           ########..   1%          6    None
 Poison Arrow             Conj/Pois      #######...   1%          6    None
 Airstrike                Air            #####.....   3%          4    None
 Ice Form                 Ice/Tmut       #####...     3%          4    None
 Petrify                  Tmut/Erth      #####...     3%          4    None
 Summon Ice Beast         Ice/Summ       #####...     3%          4    None
 Summon Lightning Spire   Summ/Air       #####...     3%          4    None
 Freezing Cloud           Conj/Ice/Air   #######...   3%          6    None
 Ring of Flames           Chrm/Fire      #######...   4%          7    None
 Disjunction              Tloc           ########..   9%          8    None
 Agony                    Necr           #####...     10%         5    None
 Alistair's Intoxication  Tmut/Pois      #####...     10%         5    None
 Aura of Abjuration       Summ           #####.....   10%         5    None
 Blade Hands              Tmut           #####.....   10%         5    None
 Borgnjor's Vile Clutch   Necr/Erth      #####.....   10%         5    None
 Dispel Undead            Necr           #####...     10%         5    None
 Excruciating Wounds      Chrm/Necr      #####.....   10%         5    None
 Lee's Rapid Deconstruct  Erth           #####.....   10%         5    None
 Summon Demon             Summ           #####.....   10%         5    None
 Chain Lightning          Conj/Air       #######...   36%         8    None
 Lehudib's Crystal Spear  Conj/Erth      #######...   36%         8    None
 Death Channel            Necr           #####.....   50%         6    None
 Deflect Missiles         Chrm/Air       #####.....   50%         6    None
 Hydra Form               Tmut           #####.....   50%         6    None
 Shadow Creatures         Summ           N/A          50%         6    None
 Simulacrum               Ice/Necr       #####.....   50%         6    None
 Statue Form              Tmut/Erth      #####....    50%         6    None
 Dragon Form              Tmut           #####.....   97%         7    None
 Haunt                    Necr/Summ      #####.....   97%         7    None
 Summon Hydra             Summ           #####.....   97%         7    None
 Glaciate                 Conj/Ice       #######...   99%         9    #......
 Borgnjor's Revivificati  Necr           #####.....   100%        8    None
 Death's Door             Chrm/Necr      #####.....   100%        8    None
 Infestation              Necr           #####.....   100%        8    None
 Necromutation            Tmut/Necr      #####.....   100%        8    None
 Dragon's Call            Summ           #####.....   100%        9    #......
 Shatter                  Erth           #####.....   100%        9    #......
 Tornado                  Air            #####.....   100%        9    #......


Dungeon Overview and Level Annotations

Branches:
Dungeon (15/15)            Temple (1/1) D:6            Lair (6/6) D:11
 Shoals (4/4) Lair:2       Spider (4/4) Lair:3        Slime (5/5) Lair:5
    Orc (2/2) D:9             Elf (3/3) Orc:2        Vaults (5/5) D:14
  Crypt (3/3) Vaults:2       Tomb (2/3) Crypt:3      Depths (5/5) D:15
    Zot (1/5) Depths:5

Shops:
D:6 =   D:12 :   Orc:1 *[   Orc:2 **}[}   Elf:2 [   Elf:3 !   Shoals:2 *
Depths:2 ?

Portals:
Hell: Depths:1 Depths:2 Depths:3 Depths:4 Depths:5
Abyss: Depths:1 Depths:3 Depths:4
Pandemonium: Depths:2 Depths:3 Depths:5
Ziggurat: Depths:3

Annotations:
D:7 exclusion: statue
D:10 2 runed doors, Nurxa's ghost, journeyman GrFi
Shoals:1 2 transporters
Elf:2 2 runed doors
Tomb:2 Boris


Innate Abilities, Weirdness & Mutations

You have an increased reservoir of magic. (+10% MP)
You are partially covered in thin metallic scales. (AC +2)
Your body sometimes deteriorates upon taking damage.
Your flesh is heat resistant. (rF+)
You are robust. (+10% HP)


Message History

* * * LOW HITPOINT WARNING * * *
The death scarab drains your vigour!
You feel as though you will be slow longer.
The death scarab draws strength from your injuries!
Something hits you but does no damage. Something barely misses you.
The guardian mummy hits you!
* * * LOW HITPOINT WARNING * * *
Something hits you but does no damage.
Something touches you but does no damage.
Blink to where?
Press: ? - help, Dir - move target cursor You are very lightly contaminated with residual magic.
As you read the scroll of blinking, it crumbles to dust.
You feel much better.
You hear a distant "Zot"!
The death scarab closely misses you.
You hear a distant "Zot"! x2; You hear some strange, mumbled words.
An iron shot appears from out of thin air!
The iron shot hits you!
You die...

********************************
*,,,,*,,,,,,*,,,,,,,,,,*,,,,,,,,
*,,,,*,,,,,,*,,,,,,,,,,*,,,,,,,,
*,,,,*,,,,,,+,,,,,,,,,,+,,,,,,,,
*,,,,*,,,,,,*,,,,,,,,,,*,,,,,,,,
*,,,,+,,,,,,*,,,,,<,,,,*,,,,,,,,
****+##################*********
*,,,,#........s@.......,,,,,,,,,
*,,,,#..[..............,,,,,,,,,
*,,,,#......s.!.....#..,,,,,,,,,
*,,,,#.............[#.,,,,,,,,,,
*,,,,#.....{##........,,...#*,,,
*,,,,#...WM###...######*...##*,,
*,,,,#..§Z###....#######....#**,
*,,,,#.$M###........./....?..***
*,,,,#...##......8....[......,**


You could see a mummy priest, a guardian mummy, a freezing wraith, a spectral
swamp dragon and 2 death scarabs.

Vanquished Creatures
  the Royal Jelly (Slime:5)
  2 ancient liches
  Khufu (Tomb:1)
  6 greater mummies
  Boris (twice) (Depths:3 Tomb:1)
  Sojobo (Tomb:1)
  5 golden dragons
  The ghost of Snarbu88 the Executioner, an adept MiFi of Okawaru (Elf:2)
  5 liches
  A shard shrike zombie (Crypt:2)
  4 tentacled monstrosities
  5 titans
  2 deep elf master archers
  3 deep elf blademasters
  2 quicksilver dragons
  Asterion (Elf:3)
  14 acid blobs
  2 krakens
  An ancient champion (Crypt:2)
  2 tentacled starspawn (Abyss:1)
  Frances (D:14)
  A sphinx (Vaults:5)
  8 tengu reavers
  2 revenants
  5 shadow dragons
  5 storm dragons
  10 azure jellies
  Roxanne (Shoals:3)
  Ilsuiw (Shoals:2)
  A draconian monk (Depths:5)
  6 fire giants
  18 frost giants
  4 deep elf sorcerers
  4 ghost moths (Spider:4)
  4 orc warlords
  3 emperor scorpions
  An iron dragon (Depths:2)
  A draconian scorcher (Depths:5)
  Louise (Shoals:2)
  2 curse skulls (Crypt:3)
  5 deep elf elementalists
  13 vault wardens
  A draconian annihilator (Abyss:1)
  2 spriggan defenders (Depths:4)
  6 ghouls
  17 very ugly things
  7 reapers
  A war gargoyle (Vaults:5)
  7 vampire knights
  8 deep elf demonologists
  10 ironheart preservers
  21 stone giants
  9 entropy weavers
  2 red draconians (Depths:5)
  A green draconian (Depths:5)
  A lorocyproca (Depths:5)
  A black draconian (Depths:5)
  A purple draconian (Depths:5)
  7 deep elf annihilators
  9 spark wasps
  A white draconian (Depths:5)
  A blizzard demon (Depths:3)
  4 merfolk javelineers
  Snorg (Lair:3)
  8 eidola
  A quicksilver dragon zombie (Crypt:3)
  16 ettins
  Josephine (Orc:1)
  13 fire dragons
  11 deep elf death magi
  11 death oozes
  A crystal guardian (Vaults:4)
  5 deep elf high priests
  10 mummy priests
  6 jiangshi
  16 yaktaur captains
  15 merfolk impalers
  7 great orbs of eyes
  35 vault guards
  Erolcha (D:9)
  6 hydras
  A quicksilver dragon skeleton (Crypt:3)
  17 ice dragons
  5 rakshasas
  A catoblepas (D:10)
  10 centaur warriors
  A spriggan air mage (Depths:4)
  A merfolk avatar (Shoals:4)
  14 ogre magi
  An anaconda (shapeshifter) (D:15)
  A satyr (Shoals:3)
  51 two-headed ogres
  8 death knights
  4 merfolk aquamancers
  A queen ant (Spider:3)
  12 death yaks
  An alligator snapping turtle (Shoals:3)
  13 deep troll earth magi
  3 tengu warriors
  8 deep troll shamans
  A thrashing horror (Abyss:1)
  2 orc high priests (Vaults:4)
  22 dancing weapons
  2 shock serpents (shapeshifter)
  12 death scarabs
  A titan zombie (Crypt:3)
  17 deep elf knights
  A storm dragon zombie (Crypt:3)
  3 spriggan berserkers
  Urug (Lair:3)
  7 vampire magi
  4 soul eaters
  79 slime creatures
  8 hell knights
  A spatial maelstrom (Abyss:1)
  4 shadow wraiths
  A storm dragon skeleton (Crypt:3)
  A salamander mystic (Depths:1)
  2 sixfirhies (Abyss:1)
  4 golden dragon zombies
  4 iron trolls
  A shadow demon (Depths:2)
  6 skeletal warriors
  2 unseen horrors
  An unseen horror (shapeshifter) (Vaults:5)
  15 deep elf archers
  24 deep trolls
  2 cherubim (D:13)
  An infernal demonspawn (Depths:5)
  14 sea snakes
  23 orc knights
  10 flayed ghosts
  3 glowing orange brains
  A ghost moth zombie (Crypt:3)
  12 wizards
  2 golden dragon skeletons
  10 ironbrand convokers
  16 phantasmal warriors
  15 necromancers
  9 orb spiders
  51 deep elf magi
  26 harpies
  2 shadow dragon skeletons
  4 shining eyes
  18 wolf spiders
  A wolf spider (shapeshifter) (D:15)
  4 orc sorcerers
  2 frost giant zombies
  An orb spider (shapeshifter) (D:15)
  68 ugly things
  11 manticores
  2 stone giant zombies
  3 salamanders (Depths:1)
  20 elephants
  A dire elephant zombie (Crypt:1)
  10 black mambas
  9 fauns
  6 centaur zombies
  8 cyclopes
  A molten gargoyle (Depths:1)
  A stone giant skeleton (Crypt:1)
  3 ice statues
  17 vault sentinels
  12 merfolk sirens
  12 water nymphs
  2 spiny frogs (shapeshifter)
  A guardian serpent (Lair:6)
  An orange demon (Abyss:2)
  An eye of devastation (Slime:5)
  16 spiny frogs
  3 torpor snails
  A gargoyle (D:14)
  A minotaur zombie (Crypt:3)
  3 centaur skeletons
  A pale draconian zombie (Crypt:2)
  A green draconian zombie (Crypt:1)
  3 rime drakes
  9 komodo dragons
  A purple draconian skeleton (Crypt:1)
  A tormentor (Abyss:1)
  46 yaktaurs
  17 freezing wraiths
  7 demonic crawlers
  A red devil (Depths:5)
  13 hellwings
  2 ancient zymes (Abyss:1)
  10 guardian mummies
  27 jumping spiders
  5 ice devils
  A troll (shapeshifter) (D:15)
  2 tengu conjurers
  11 trolls
  A jumping spider (shapeshifter) (Elf:2)
  20 polar bears
  A slime creature (shapeshifter) (Depths:4)
  19 merfolk
  A hydra skeleton (Crypt:3)
  7 wind drakes
  13 hornets
  16 blink frogs
  A snapping turtle (shapeshifter) (Vaults:3)
  4 raiju (Abyss:1)
  An ettin zombie (Crypt:3)
  A hippogriff (shapeshifter) (Vaults:1)
  11 hippogriffs
  10 snapping turtles
  A raiju (shapeshifter) (Depths:4)
  An alligator zombie (Crypt:3)
  13 dream sheep
  9 water elementals
  A redback (shapeshifter) (Depths:5)
  An ettin skeleton (Crypt:3)
  An air elemental (Elf:2)
  2 flying skulls (Tomb:1)
  7 tarantellas
  A black mamba zombie (Crypt:3)
  18 wyverns
  A ynoxinul (Abyss:2)
  A shadow (D:15)
  A tarantella (shapeshifter) (Vaults:3)
  2 vampires
  16 wraiths
  58 yaks
  5 large abominations (Abyss:1)
  73 redbacks
  A hog (shapeshifter) (Vaults:4)
  2 basilisks
  A black mamba skeleton (Crypt:3)
  A basilisk (shapeshifter) (D:15)
  A human (shapeshifter) (Vaults:1)
  A yak (shapeshifter) (Depths:5)
  A chaos spawn (Depths:5)
  2 fire elementals (Elf:3)
  2 hungry ghosts (D:10)
  A tyrant leech zombie (Crypt:1)
  3 vampire mosquitoes (D:15)
  A neqoxec (Depths:2)
  3 golden eyes (Slime:1)
  An elf simulacrum (Depths:2)
  A spatial vortex (Abyss:1)
  3 acid dragons
  2 soldier ants (Spider:3)
  A warg (Vaults:3)
  15 water moccasins
  10 porcupines
  A swamp drake (D:9)
  40 orc warriors
  A spiny frog skeleton (Crypt:2)
  3 ice beasts
  A spiny frog zombie (Crypt:1)
  3 black bears
  2 starcursed masses (Abyss:1)
  2 hornet zombies
  An ice beast (shapeshifter) (Vaults:5)
  3 sky beasts
  A spriggan simulacrum (Depths:2)
  4 necrophages
  50 ogres
  28 wolves
  A snapping turtle skeleton (Crypt:3)
  3 boggarts (Vaults:3)
  A manticore skeleton (Crypt:1)
  An elephant skeleton (Crypt:2)
  3 eyes of draining
  A crocodile (shapeshifter) (Depths:2)
  19 centaurs
  13 crocodiles
  A big kobold (D:6)
  16 bullfrogs
  A gnoll sergeant (D:9)
  2 elf zombies (Crypt:1)
  4 earth elementals
  A wyvern zombie (Crypt:1)
  A water moccasin zombie (D:7)
  An elf skeleton (Crypt:3)
  10 wyvern skeletons
  12 scorpions
  A troll zombie (Crypt:3)
  6 wights
  A swamp dragon simulacrum (Crypt:1)
  10 killer bees
  A snapping turtle simulacrum (Crypt:1)
  A troll skeleton (Crypt:2)
  4 howler monkeys
  A raiju skeleton (Crypt:1)
  6 electric eels
  3 crimson imps
  A bullfrog zombie (D:12)
  3 quasits
  5 jellies
  4 bullfrog skeletons
  A gnoll shaman (D:10)
  9 hounds
  21 orc priests
  Jessica (D:2)
  Terence (D:2)
  2 iguanas
  19 orc wizards
  22 worker ants
  A hound skeleton (D:6)
  13 mummies
  A howler monkey zombie (D:7)
  19 gnolls
  A howler monkey skeleton (D:2)
  A scorpion zombie (Crypt:2)
  7 adders
  9 shadow imps
  A white imp (Depths:3)
  5 oozes (D:9)
  An adder zombie (D:8)
  An iguana zombie (Crypt:1)
  An iguana skeleton (Crypt:2)
  4 worms
  3 dart slugs
  8 leopard geckos
  97 orcs
  A ball python (D:3)
  7 bats
  7 giant cockroaches
  2 gnoll zombies (D:5)
  28 goblins
  29 hobgoblins
  31 jackals
  16 kobolds
  A quokka (D:2)
  2 frilled lizards (D:2)
  2 kobold zombies
  2 leopard gecko skeletons
  2 leopard gecko zombies
  An orc skeleton (Crypt:1)
  8 rats
  5 fungi
  17 plants
  4 starspawn tentacles (Abyss:1)
  10 withered plants (Crypt:3)
2489 creatures vanquished.

Vanquished Creatures (collateral kills)
  6 greater mummies
  Frederick (Tomb:1)
  A deep elf master archer (Elf:3)
  7 acid blobs
  A tentacled starspawn (Abyss:1)
  2 sphinxes (Tomb:1)
  A tengu reaver (Tomb:1)
  3 azure jellies
  A revenant (Tomb:1)
  An orc warlord (Elf:2)
  A vault warden (Vaults:5)
  A ghoul (Crypt:1)
  A reaper (Crypt:3)
  A stone giant (Depths:4)
  2 bennus
  A vampire knight (Crypt:2)
  A deep elf death mage (Elf:3)
  3 mummy priests (Tomb:1)
  A great orb of eyes (Slime:5)
  A rakshasa (Abyss:1)
  A death knight (Crypt:2)
  3 death scarabs
  3 skeletal warriors
  A wretched star (Abyss:1)
  An iron giant skeleton (Crypt:2)
  A wolf spider (Spider:1)
  A shining eye (Slime:1)
  An ugly thing (Vaults:2)
  A stone giant skeleton (Tomb:2)
  A frost giant skeleton (Crypt:3)
  An orange demon (Abyss:1)
  2 hellwings (Crypt:3)
  3 guardian mummies (Tomb:1)
  A bog body (Crypt:1)
  29 slime creatures
  An ettin zombie (Tomb:1)
  A starcursed mass (Abyss:1)
  4 flying skulls (Tomb:1)
  6 ushabtiu
  An alligator skeleton (Crypt:3)
  3 golden eyes (Slime:3)
  A chaos spawn (Abyss:1)
  2 neqoxecs (Abyss:1)
  An eye of draining (Slime:3)
  A draconian zombie (Crypt:2)
  2 mummies (Tomb:2)
110 creatures vanquished.

Vanquished Creatures (others)
  A fire giant (Depths:5)
  A two-headed ogre (Vaults:5)
  22 death scarabs (Tomb:2)
  2 skeletal warriors (Tomb:2)
  A sea snake (Shoals:3)
  A necromancer (Crypt:3)
  2 deep elf magi
  2 polar bears (IceCv)
  A redback (Spider:3)
  2 wolves (IceCv)
  2 centaurs (Vaults:2)
  A bush (Lair:3)
  68 fire vortices
  617 fulminant prisms
  36 fungi
  81 plants
  2 starspawn tentacles (Abyss:1)
  16 tentacles
  10 withered plants (Crypt:3)
868 creatures vanquished.

Grand Total: 3467 creatures vanquished

Notes
Turn   | Place    | Note
-------+----------+-------------------------------------------
     0 | D:1      | Kniotic the Demigod Conjurer began the quest for the Orb.
     0 | D:1      | Reached XP level 1. HP: 14/14 MP: 5/5
   810 | D:1      | Reached XP level 2. HP: 19/20 MP: 2/7
  1350 | D:1      | Reached XP level 3. HP: 26/26 MP: 2/9
  2132 | D:2      | Noticed Jessica
  2144 | D:2      | Killed Jessica
  2144 | D:2      | Reached XP level 4. HP: 33/33 MP: 5/11
  2508 | D:2      | Noticed Terence
  2658 | D:2      | Killed Terence
  3374 | D:3      | Reached skill level 5 in Conjurations
  3374 | D:3      | Reached XP level 5. HP: 38/38 MP: 3/13
  3459 | D:3      | Learned a level 4 spell: Iskenderun's Mystic Blast
  3891 | D:3      | Found a sparkling altar of Nemelex Xobeh.
  4412 | D:4      | Found a sacrificial altar of Ru.
  4699 | D:4      | Reached XP level 6. HP: 33/45 MP: 4/15
  5511 | D:4      | Learned a level 4 spell: Fulminant Prism
  5515 | D:4      | Learned a level 3 spell: Mephitic Cloud
  5516 | D:5      | Entered Level 5 of the Dungeon
  5820 | D:5      | Found a basalt altar of Yredelemnul.
  6472 | D:5      | Reached skill level 5 in Spellcasting
  6472 | D:5      | Reached XP level 7. HP: 16/50 MP: 7/18
  8212 | D:6      | Reached XP level 8. HP: 57/57 MP: 5/20
  8855 | D:6      | Found a stormy altar of Qazlal.
  9395 | D:6      | Found a staircase to the Ecumenical Temple.
  9421 | D:6      | Found Syvvayra's Jewellery Shop.
  9501 | D:6      | Found a glowing silver altar of Zin.
 10023 | D:7      | Found an ancient bone altar of Kikubaaqudgha.
 10401 | D:7      | Noticed a hippogriff
 10409 | D:7      | Killed a hippogriff
 10409 | D:7      | Reached XP level 9. HP: 62/62 MP: 12/24
 10656 | D:7      | Found a radiant altar of Vehumet.
 11157 | D:8      | Found a white marble altar of Elyvilon.
 11257 | D:8      | Learned a level 2 spell: Blink
 11706 | D:8      | Found a shattered altar of Ashenzari.
 12003 | D:8      | Learned a level 3 spell: Confuse
 12251 | D:9      | Reached skill level 10 in Conjurations
 12869 | D:9      | Found a staircase to the Orcish Mines.
 13183 | D:9      | Found a glowing golden altar of the Shining One.
 13430 | D:9      | Noticed Erolcha
 13433 | D:9      | Reached XP level 10. HP: 69/69 MP: 22/27
 13694 | D:9      | Reached skill level 1 in Hexes
 13896 | D:9      | Noticed a two-headed ogre
 13931 | D:9      | Killed a two-headed ogre
 14177 | D:9      | Killed Erolcha
 14177 | D:9      | Reached skill level 10 in Spellcasting
 14286 | D:9      | Found a snail-covered altar of Cheibriados.
 14472 | D:10     | Entered Level 10 of the Dungeon
 14512 | D:10     | Noticed a catoblepas
 14512 | D:10     | Noticed a manticore
 14882 | D:10     | Found a runed door.
 14887 | D:10     | Found a basalt altar of Yredelemnul.
 15509 | D:10     | Found a runed door.
 15510 | D:10     | Noticed Nurxa's ghost (journeyman GrFi)
 16169 | D:11     | Reached skill level 5 in Hexes
 16335 | D:11     | Found a staircase to the Lair.
 16571 | D:11     | Noticed a two-headed ogre
 16579 | D:11     | Killed a two-headed ogre
 16817 | D:11     | Noticed a cyclops
 16826 | D:11     | Killed a cyclops
 16903 | D:11     | Noticed a two-headed ogre
 16915 | D:11     | Killed a two-headed ogre
 16915 | D:11     | Reached XP level 11. HP: 62/74 MP: 22/30
 18453 | D:12     | Found Baag's Book Shop.
 19288 | D:10     | Killed a catoblepas
 19642 | Lair:1   | Entered Level 1 of the Lair of Beasts
 19752 | Lair:1   | Noticed a seven-headed hydra
 19761 | Lair:1   | Killed a seven-headed hydra
 20265 | Lair:1   | Reached skill level 1 in Fighting
 21588 | Lair:1   | Got a crystal flail
 21590 | Lair:1   | Identified the +7 flail of Corax {venom, *Noise Dex+2 Stlth+} (You found it on level 1 of the Lair of Beasts)
 22179 | Lair:2   | Reached XP level 12. HP: 71/90 MP: 9/34
 22232 | Lair:2   | Noticed an eight-headed hydra
 22239 | Lair:2   | Killed an eight-headed hydra
 22713 | Lair:2   | Noticed a four-headed hydra
 22724 | Lair:2   | Killed a four-headed hydra
 22984 | Lair:2   | Reached skill level 5 in Fighting
 23119 | Lair:2   | Found a staircase to the Shoals.
 24700 | Lair:3   | Found a hole to the Spider Nest.
 24710 | Lair:3   | Noticed Urug
 24735 | Lair:3   | Killed Urug
 24979 | Lair:3   | Noticed Snorg
 24996 | Lair:3   | Killed Snorg
 26526 | Lair:4   | Reached XP level 13. HP: 96/107 MP: 10/36
 29020 | Lair:5   | Found a frozen archway.
 29073 | IceCv    | Entered an ice cave
 29171 | IceCv    | Reached skill level 15 in Spellcasting
 30402 | IceCv    | Reached skill level 10 in Fighting
 31404 | IceCv    | Noticed a frost giant
 31415 | IceCv    | HP: 3/113 [frost giant/bolt of cold (65)]
 31841 | IceCv    | Learned a level 4 spell: Ice Form
 32091 | IceCv    | Killed a frost giant
 32437 | IceCv    | Got a flickering turquoise ring
 33326 | Lair:5   | Reached XP level 14. HP: 121/121 MP: 10/39
 33744 | Lair:5   | Found a staircase to the Slime Pits.
 34169 | Lair:6   | Entered Level 6 of the Lair of Beasts
 35296 | Lair:6   | Reached skill level 5 in Dodging
 35541 | Lair:6   | Upgraded the game from 0.22.0-21-g8bd1b0a76a to 0.22.0-25-g7663229ff0
 37683 | Lair:6   | Identified the ring "Wotoeck" {rF+ rC+ rN++ Dex+3} (You took it off a frost giant in an ice cave)
 38392 | Orc:1    | Entered Level 1 of the Orcish Mines
 38603 | Orc:1    | Found Josouvys's Armour Shop.
 38729 | Orc:1    | Found a flagged portal.
 38742 | Bailey   | Entered a bailey
 39044 | Bailey   | Noticed an orc warlord
 39442 | Orc:2    | Entered Level 2 of the Orcish Mines
 39835 | Orc:2    | Found Uvaebbod's Gadget Shop.
 41845 | Orc:2    | Found a staircase to the Elven Halls.
 41849 | Orc:2    | Found Vuev's Gadget Emporium.
 41901 | Orc:2    | Found Utaner's General Store.
 41903 | Orc:2    | Found Yrisemm's Armour Boutique.
 41912 | Orc:2    | Found Wugis's Assorted Antiques.
 42141 | Orc:1    | Noticed Josephine
 42148 | Orc:1    | Killed Josephine
 42148 | Orc:1    | Reached XP level 15. HP: 99/126 MP: 25/41
 42318 | Orc:1    | Found a roughly hewn altar of Beogh.
 42378 | Orc:1    | Found Maocw's General Store.
 42386 | Orc:1    | Bought a +2 pair of boots of running for 498 gold pieces
 42386 | Orc:1    | Bought a potion of curing for 36 gold pieces
 42488 | Orc:1    | Bought the +2 cloak "Buer" {Regen+} for 322 gold pieces
 44431 | D:14     | Found a shadowy altar of Dithmenos.
 45366 | D:14     | Noticed Frances
 45407 | D:14     | Killed Frances
 46014 | D:14     | Paralysed by an orc sorcerer for 2 turns
 46270 | D:14     | Reached skill level 10 in Dodging
 46286 | D:14     | Found a gate to the Vaults.
 46568 | D:15     | Entered Level 15 of the Dungeon
 48218 | D:15     | Found a staircase to the Depths.
 49177 | D:12     | Bought the Handbook of Floating Beguiling for 821 gold pieces
 49184 | D:12     | Learned a level 6 spell: Invisibility
 49320 | Spider:1 | Entered Level 1 of the Spider Nest
 52005 | Spider:2 | Reached XP level 16. HP: 134/134 MP: 27/43
 52661 | Spider:3 | Got a jewelled war axe
 52663 | Spider:3 | Identified the cursed +1 war axe of Courage {venom, Int+5 Dex-3} (You found it on level 3 of the Spider Nest)
 54637 | Spider:4 | Entered Level 4 of the Spider Nest
 57230 | Spider:4 | Learned a level 5 spell: Fireball
 58453 | Spider:4 | Reached skill level 10 in Hexes
 58683 | Spider:4 | Got a gossamer rune of Zot
 59015 | Shoals:1 | Entered Level 1 of the Shoals
 60261 | Shoals:1 | Reached XP level 17. HP: 76/140 MP: 5/44
 60405 | Shoals:1 | Found a transporter.
 61075 | Shoals:1 | Found a transporter.
 61178 | Shoals:2 | Noticed Louise
 61380 | Shoals:2 | Got a bone scythe
 61381 | Shoals:2 | Identified the +7 scythe of Akiph {freeze, +Rage} (You found it on level 2 of the Shoals)
 61677 | Shoals:2 | Found Inwuta's Island Escapes.
 61715 | Shoals:2 | Bought a scroll of blinking for 82 gold pieces
 61724 | Shoals:2 | Noticed Ilsuiw
 62005 | Shoals:2 | Killed Ilsuiw
 62607 | Shoals:2 | Killed Louise
 62768 | Shoals:3 | Noticed Roxanne
 62777 | Shoals:3 | Killed Roxanne
 64083 | Shoals:4 | Entered Level 4 of the Shoals
 67339 | Shoals:4 | Got a barnacled rune of Zot
 67794 | Shoals:4 | Reached skill level 15 in Conjurations
 68587 | D:11     | Learned a level 4 spell: Animate Dead
 68710 | Vaults:1 | Entered Level 1 of the Vaults
 70056 | Vaults:1 | Reached XP level 18. HP: 51/147 MP: 2/46
 73227 | Elf:1    | Entered Level 1 of the Elven Halls
 74066 | Elf:1    | Reached skill level 1 in Fire Magic
 74430 | Elf:1    | Reached skill level 2 in Fire Magic
 75385 | Shoals:2 | Bought a wand of digging (14) for 396 gold pieces
 75385 | Shoals:2 | Bought a scroll of teleportation for 33 gold pieces
 75639 | Elf:1    | Identified the Catalogue of the Mutagenic Glacier
 75658 | Elf:2    | Found a radiant altar of Vehumet.
 75818 | Elf:2    | Reached skill level 3 in Fire Magic
 75917 | Elf:2    | Found a runed gate.
 75917 | Elf:2    | Found a runed gate.
 75918 | Elf:2    | Found a runed gate.
 75925 | Elf:2    | Found Pebb's Armour Shop.
 75934 | Elf:2    | Found an iron altar of Okawaru.
 75934 | Elf:2    | Noticed Snarbu88's ghost (adept MiFi)
 76312 | Elf:2    | Reached skill level 4 in Fire Magic
 76362 | Elf:2    | Identified 3 scrolls of acquirement
 76371 | Elf:2    | Got a twisted cloak
 76372 | Elf:2    | Identified the +4 cloak of Eternity {+Blink rF+ Int+4} (You acquired it on level 2 of the Elven Halls)
 76680 | Elf:2    | Reached skill level 1 in Shields
 76796 | Elf:2    | Found a runed door.
 76819 | Elf:2    | Found a runed door.
 76872 | Elf:3    | Entered Level 3 of the Elven Halls
 77701 | Elf:3    | Got a distressingly furry chain mail
 77888 | Elf:3    | Reached skill level 5 in Fire Magic
 78276 | Elf:3    | Found Heroq's Distillery.
 80133 | Vaults:2 | Reached skill level 15 in Hexes
 80379 | Vaults:2 | Reached XP level 19. HP: 109/154 MP: 16/47
 80558 | Vaults:2 | Reached skill level 6 in Fire Magic
 80685 | Vaults:2 | Found a staircase to the Crypt.
 81795 | Vaults:2 | Reached skill level 5 in Shields
 82487 | Vaults:3 | Reached skill level 7 in Fire Magic
 84036 | Vaults:3 | Reached skill level 8 in Fire Magic
 85705 | Vaults:3 | Reached skill level 9 in Fire Magic
 87748 | Vaults:4 | Reached skill level 10 in Fire Magic
 89298 | Vaults:4 | Reached skill level 11 in Fire Magic
 90710 | Vaults:4 | Reached XP level 20. HP: 161/161 MP: 18/48
 91074 | Vaults:4 | Reached skill level 12 in Fire Magic
 92244 | Vaults:4 | Reached skill level 13 in Fire Magic
 92446 | Vaults:4 | Learned a level 4 spell: Summon Lightning Spire
 93613 | Elf:3    | Reached skill level 14 in Fire Magic
 94143 | Elf:3    | Noticed Asterion
 94184 | Elf:3    | Killed Asterion
 94476 | Elf:3    | Got a fine robe
 94603 | Elf:3    | Identified the Volume of Fetching Weightlessness
 94615 | Elf:3    | Identified the Incunabulum of Damaging Summoning
 94651 | Elf:3    | Identified the +0 robe of the Greedy {+Fly rF+ Dex+4} (You took it off a deep elf annihilator on level 3 of the Elven Halls)
 94655 | Elf:3    | Got a faintly glowing cloak
 94720 | Elf:3    | Identified the +1 cloak "Unuod" {Int+6} (You found it on level 3 of the Elven Halls)
 95284 | Vaults:4 | Learned a level 9 spell: Fire Storm
 96346 | Vaults:5 | Entered Level 5 of the Vaults
 96350 | Vaults:5 | Reached skill level 15 in Fire Magic
 98031 | Vaults:5 | Noticed a golden dragon
 98855 | Vaults:4 | Reached skill level 16 in Fire Magic
 99088 | Vaults:4 | Reached XP level 21. HP: 120/168 MP: 6/49
102086 | Vaults:5 | Gained mutation: You are clumsy. (Dex -2) [mutagenic glow]
103514 | Vaults:5 | Reached skill level 17 in Fire Magic
103890 | Vaults:5 | Identified the Compendium of Dark Rites and Moulding
103911 | Vaults:5 | Killed a golden dragon
105019 | Vaults:5 | Paralysed by a sphinx for 3 turns
105442 | Vaults:5 | Got a warped lead amulet
105443 | Vaults:5 | Identified the amulet of the Five Stars {Reflect SH+2 Stlth+} (You took it off a vault guard on level 5 of the Vaults)
106097 | Vaults:5 | Identified the Handbook of Oenomania
106162 | Vaults:5 | Got a silver rune of Zot
106174 | Vaults:5 | Identified the Incunabulum of Snow and Air
106783 | Vaults:5 | Got a transparent scimitar {holy}
106785 | Vaults:5 | Identified the +1 scimitar "Ylirapp" {holy, +Fly rPois rF+ Int+4} (You took it off a vault warden on level 5 of the Vaults)
107428 | D:15     | Lost mutation: You are clumsy. (Dex -2) [potion of mutation]
107428 | D:15     | Gained mutation: You are frail. (-10% HP) [potion of mutation]
107428 | D:15     | Gained mutation: Your mind is acute. (Int +2) [potion of mutation]
107428 | D:15     | Gained mutation: Your body sometimes deteriorates upon taking damage. [potion of mutation]
107428 | D:15     | Gained mutation: You are partially covered in thin metallic scales. (AC +2) [potion of mutation]
107574 | Vaults:3 | Lost mutation: You are frail. (-10% HP) [potion of mutation]
107574 | Vaults:3 | Lost mutation: Your mind is acute. (Int +2) [potion of mutation]
107574 | Vaults:3 | Lost mutation: Your body sometimes deteriorates upon taking damage. [potion of mutation]
107574 | Vaults:3 | Gained mutation: Your flesh is heat resistant. (rF+) [potion of mutation]
107574 | Vaults:3 | Gained mutation: You are robust. (+10% HP) [potion of mutation]
107574 | Vaults:3 | Gained mutation: You are agile. (Dex +2) [potion of mutation]
107863 | Depths:1 | Entered Level 1 of the Depths
107868 | D:15     | Upgraded the game from 0.22.0-25-g7663229ff0 to 0.22.0-27-ga576289601
108527 | Elf:2    | Killed Snarbu88's ghost
108527 | Elf:2    | Reached skill level 18 in Fire Magic
108663 | Elf:2    | Got a slimy leather armour
108665 | Elf:2    | Identified the +2 leather armour "Meotuh" {-Cast rElec rPois rF+} (You found it on level 2 of the Elven Halls)
109715 | Depths:1 | Found a gateway to Hell.
109910 | Depths:1 | Found a corrupted altar of Lugonu.
109911 | Depths:1 | Found a one-way gate to the infinite horrors of the Abyss.
109919 | Depths:1 | Found an ancient bone altar of Kikubaaqudgha.
109921 | Depths:1 | Found a radiant altar of Vehumet.
109921 | Depths:1 | Found an ornate altar of the Wu Jian Council.
109923 | Depths:1 | Found a shimmering altar of Xom.
109923 | Depths:1 | Found a glowing silver altar of Zin.
109923 | Depths:1 | Found a snail-covered altar of Cheibriados.
110724 | Depths:2 | Found Vufiyxt's Magic Scroll Emporium.
110729 | Depths:2 | Bought a scroll of blinking for 97 gold pieces
111025 | Orc:2    | Bought a manual of Fire Magic for 3753 gold pieces
111268 | Depths:2 | Reached XP level 22. HP: 191/191 MP: 44/50
111398 | Depths:2 | Found a one-way gate leading to the halls of Pandemonium.
111864 | Depths:2 | Reached skill level 19 in Fire Magic
113315 | Depths:2 | Reached skill level 20 in Fire Magic
115714 | Depths:2 | Reached skill level 21 in Fire Magic
115881 | Depths:2 | Identified the Reference Book on the Gliding Escort
116243 | D:12     | Bought a book of the Warp for 1260 gold pieces
116890 | Depths:3 | Reached skill level 1 in Translocations
117810 | Depths:3 | Found a gateway to a ziggurat.
119931 | Depths:3 | Noticed an ancient lich
120121 | Depths:3 | Killed an ancient lich
120121 | Depths:3 | Reached skill level 5 in Translocations
120294 | Depths:3 | Got a bronze ring mail
120296 | Depths:3 | Identified the +1 ring mail "Wegu" {Str+4} (You found it on level 3 of the Depths)
120417 | Depths:3 | Noticed Boris
120941 | Depths:3 | Killed Boris
121506 | Depths:3 | Reached XP level 23. HP: 161/199 MP: 3/52
123509 | Depths:4 | Got a smoking jade ring
123739 | Depths:4 | Cast into level 2 of the Abyss (a deep elf demonologist)
123797 | Depths:4 | Escaped the Abyss
124186 | Depths:5 | Entered Level 5 of the Depths
124853 | Depths:4 | HP: 6/199 [frost giant/bolt of cold (17)]
125366 | Depths:4 | Got a scorched sapphire amulet
125371 | Depths:4 | Got a transparent tin ring
125398 | Depths:4 | Got a warped copper ring
125542 | Depths:4 | Identified the amulet of Benina {Gourm rC+ MR+ Slay+5} (You took it off a spriggan defender on level 4 of the Depths)
125544 | Depths:4 | Identified the ring of Kesyn {+Blink rF+ Dex+4} (You took it off a spriggan defender on level 4 of the Depths)
125546 | Depths:4 | Identified the ring "Seasheuq" {Fire rPois Int+6 Dex+4} (You took it off a deep elf demonologist on level 4 of the Depths)
125548 | Depths:4 | Identified the ring "Xaemek" {MP+9 Dex+2} (You took it off a rakshasa on level 4 of the Depths)
128897 | Depths:5 | Found a gate to the Realm of Zot.
129760 | Zot:1    | Entered Level 1 of the Realm of Zot
130142 | Crypt:1  | Entered Level 1 of the Crypt
132244 | Crypt:2  | Identified the Collected Works on the Hurtful Voyage
132412 | Crypt:1  | Learned a level 7 spell: Spellforged Servitor
135135 | Crypt:3  | Entered Level 3 of the Crypt
135276 | Crypt:3  | Reached XP level 24. HP: 206/207 MP: 26/53
136230 | Crypt:3  | Noticed a greater mummy
136243 | Crypt:3  | Killed a greater mummy
136255 | Crypt:3  | Reached skill level 10 in Translocations
136648 | Crypt:3  | Found a staircase to the Tomb.
139339 | Crypt:3  | Found an ancient bone altar of Kikubaaqudgha.
139876 | Crypt:3  | Noticed an ancient lich
139889 | Crypt:3  | Killed an ancient lich
140003 | Crypt:3  | Got a dazzling rapier
140005 | Crypt:3  | Identified the +7 rapier of the Aged Ships {protect, rPois} (You found it on level 3 of the Crypt)
140034 | Crypt:3  | Got a translucent scale mail
140046 | Crypt:3  | Identified the +2 scale mail of Pathos {rF+ Int+2} (You found it on level 3 of the Crypt)
140633 | Depths:1 | Voluntarily entered the Abyss.
140827 | Abyss:1  | Reached skill level 1 in Evocations
141183 | Abyss:1  | Found a corrupted altar of Lugonu.
141354 | Depths:1 | Escaped the Abyss
141981 | Tomb:1   | Entered Level 1 of the Tomb of the Ancients
142333 | Tomb:1   | Learned a level 8 spell: Controlled Blink
142627 | Tomb:1   | Noticed Boris
142632 | Tomb:1   | Killed Boris
142638 | Tomb:1   | Noticed Sojobo
142641 | Tomb:1   | Killed Sojobo
142927 | Tomb:1   | Noticed Frederick
142941 | Tomb:1   | Killed Frederick
143239 | Tomb:1   | Noticed a greater mummy
143249 | Tomb:1   | Killed a greater mummy
143549 | Tomb:1   | Noticed a greater mummy
143557 | Tomb:1   | Killed a greater mummy
143922 | Tomb:1   | Learned a level 6 spell: Iron Shot
144111 | Tomb:1   | Noticed a greater mummy
144115 | Tomb:1   | Killed a greater mummy
144115 | Tomb:1   | Reached skill level 5 in Evocations
144123 | Tomb:1   | Noticed Khufu
144485 | Tomb:1   | Noticed a greater mummy
144501 | Tomb:1   | Killed a greater mummy
144503 | Tomb:1   | Noticed a greater mummy
145243 | Tomb:1   | Killed a greater mummy
145317 | Tomb:1   | Noticed a greater mummy
145317 | Tomb:1   | Noticed a greater mummy
145323 | Tomb:1   | Killed a greater mummy
145331 | Tomb:1   | Killed a greater mummy
145712 | Tomb:1   | Learned a level 3 spell: Inner Flame
145730 | Tomb:1   | Learned a level 8 spell: Ignition
145744 | Tomb:1   | Killed Khufu
146355 | Slime:1  | Entered Level 1 of the Pits of Slime
146410 | Slime:1  | Reached XP level 25. HP: 196/213 MP: 50/54
147365 | Slime:2  | Gained mutation: Your body sometimes deteriorates upon taking damage. [a shining eye]
148252 | Slime:3  | Lost mutation: You are agile. (Dex +2) [a shining eye]
149070 | Slime:5  | Entered Level 5 of the Pits of Slime
149349 | Slime:5  | Noticed the Royal Jelly
149352 | Slime:5  | Killed the Royal Jelly
149982 | Slime:5  | Found the +3 sling "Punk" {acid, rCorr}
149984 | Slime:5  | Found the +2 ratskin cloak {+Rats rPois rN+ Str-1 Int-1 Dex+1}
150064 | Slime:5  | Got a scintillating marble ring
150092 | Slime:5  | Got a slimy rune of Zot
150099 | Slime:5  | Identified the ring of the Commoners {rC+ MR++ Int+9 Stlth-} (You found it on level 5 of the Pits of Slime)
150115 | Slime:5  | Identified the Collected Works on the Arsonist and the Compass (You acquired it on level 5 of the Pits of Slime)
150125 | Slime:5  | Got a dazzling leather armour
150135 | Slime:5  | Identified the cursed +1 leather armour of Xom's Benevolence {Dex+6 Slay-3} (You found it on level 5 of the Pits of Slime)
150147 | Slime:5  | Got an encrusted war axe
150148 | Slime:5  | Identified the +7 war axe of the Wary People {venom, Dex+4} (You found it on level 5 of the Pits of Slime)
150151 | Slime:5  | Got a fine long sword
150152 | Slime:5  | Identified the +11 long sword "Ono Wone" {drain, rF+ MR+} (You found it on level 5 of the Pits of Slime)
150831 | Elf:3    | Bought a potion of curing for 48 gold pieces
150831 | Elf:3    | Bought a potion of heal wounds for 80 gold pieces
150831 | Elf:3    | Bought a potion of cancellation for 128 gold pieces
150831 | Elf:3    | Bought a potion of magic for 128 gold pieces
150831 | Elf:3    | Bought a potion of heal wounds for 80 gold pieces
150831 | Elf:3    | Bought a potion of brilliance for 64 gold pieces
150831 | Elf:3    | Bought a potion of heal wounds for 80 gold pieces
151028 | Temple   | Entered the Ecumenical Temple
151496 | Tomb:2   | Noticed a greater mummy
151969 | Tomb:2   | Noticed a greater mummy
151969 | Tomb:2   | Noticed a greater mummy
152373 | Tomb:2   | Noticed a greater mummy
152373 | Tomb:2   | Noticed Boris
152882 | Tomb:1   | Killed a greater mummy
153173 | Tomb:2   | Killed a greater mummy
153559 | Tomb:2   | Killed a greater mummy
153561 | Tomb:2   | Killed a greater mummy
153587 | Tomb:2   | HP: 4/213 [guardian mummy (14)]
153589 | Tomb:2   | Killed from afar by Boris

Skill      XL: |  1  2  3  4  5  6  7  8  9 10 11 12 13 14 15 16 17 18 19 20 21 22 23 24 25 |
---------------+----------------------------------------------------------------------------+-----
Spellcasting   | 2 3 4 5 6 7 9 10 13 14 15 17 18 19 20 | 20.9
Conjurations   | 4 5 6 7 9 10 11 13 15 16 17 18 19 20 | 20.0
Hexes          | 6 7 10 13 15 16 | 16.0
Fighting       | 3 8 10 | 10.0
Dodging        | 3 8 10 | 10.0
Fire Magic     | 5 11 16 18 21 | 21.0
Shields        | 4 5 |  5.0
Translocations | 5 9 12 13 | 13.8
Evocations     | 6 9 |  9.2
Stealth        | |  1.7

Action                   |  1- 3 |  4- 6 |  7- 9 | 10-12 | 13-15 | 16-18 | 19-21 | 22-24 | 25-27 || total
-------------------------+-------+-------+-------+-------+-------+-------+-------+-------+-------++-------
Melee: Unarmed           |    18 |       |       |       |     3 |       |       |       |       ||    21
       Dagger            |       |    10 |     2 |       |       |       |       |       |       ||    12
       Trident           |       |       |    44 |    43 |   108 |       |       |       |       ||   195
       Demon blade       |       |       |       |       |    51 |       |       |       |       ||    51
       War axe           |       |       |       |       |       |   100 |    96 |       |       ||   196
       Scimitar          |       |       |       |       |       |       |     8 |   303 |     3 ||   314
       Staff             |       |       |       |       |       |       |       |     7 |       ||     7
 Cast: Magic Dart        |   111 |   240 |   284 |   192 |   257 |    30 |       |       |       ||  1114
       Iskenderun's Myst |       |     8 |    75 |   242 |   846 |   426 |   261 |   384 |       ||  2242
       Mephitic Cloud    |       |       |     7 |     1 |     5 |     8 |     3 |       |       ||    24
       Fulminant Prism   |       |       |    23 |   114 |   196 |    82 |    79 |   125 |       ||   619
       Confuse           |       |       |       |    13 |    19 |    41 |    60 |     3 |       ||   136
       Ice Form          |       |       |       |       |     5 |     2 |       |       |       ||     7
       Blink             |       |       |       |       |     3 |     2 |     4 |     5 |     3 ||    17
       Fireball          |       |       |       |       |       |   638 |   694 |   813 |    95 ||  2240
       Invisibility      |       |       |       |       |       |    13 |    25 |     5 |     1 ||    44
       Animate Dead      |       |       |       |       |       |     6 |     7 |       |       ||    13
       Summon Lightning  |       |       |       |       |       |       |     8 |       |       ||     8
       Fire Storm        |       |       |       |       |       |       |    17 |    16 |     8 ||    41
       Spellforged Servi |       |       |       |       |       |       |       |    43 |    25 ||    68
       Iron Shot         |       |       |       |       |       |       |       |     4 |    21 ||    25
       Ignition          |       |       |       |       |       |       |       |     4 |    17 ||    21
       Controlled Blink  |       |       |       |       |       |       |       |       |     8 ||     8
Evoke: Wand              |       |       |       |     3 |    17 |     8 |    12 |     3 |     1 ||    44
       Sack of spiders   |       |       |       |       |       |       |     4 |       |       ||     4
       Box of beasts     |       |       |       |       |       |       |     1 |       |       ||     1
  Use: Scroll            |       |    10 |     3 |     8 |    13 |    27 |    17 |    22 |     9 ||   109
       Potion            |       |       |       |       |     1 |     8 |    18 |     9 |     4 ||    40
 Stab: Confused          |       |       |       |       |       |     1 |     3 |     6 |       ||    10
       Invisible         |       |       |       |       |       |       |     5 |     4 |       ||     9
       Distracted        |       |       |       |       |       |       |     1 |       |       ||     1
  Eat: Chunk             |     4 |    21 |    32 |    49 |    74 |    89 |    83 |   126 |       ||   478
       Ration            |       |       |       |       |       |     1 |     5 |     6 |     6 ||    18
Armor: Robe              |     5 |    23 |    47 |    50 |    18 |    27 |    81 |   187 |    19 ||   457
       Animal skin       |       |       |       |       |   131 |   148 |       |       |       ||   279
       Skin              |       |       |       |       |     1 |       |       |       |       ||     1
Dodge: Dodged            |    26 |    34 |    87 |   123 |   498 |   561 |   304 |   728 |    78 ||  2439
Block: Other             |       |       |       |    28 |    22 |       |       |       |       ||    50
       Buckler           |       |       |       |       |       |    11 |   170 |   413 |    32 ||   626
       Reflection        |       |       |       |       |       |       |     5 |     3 |       ||     8
       Rpst.: Demon blade |       |       |       |       |    48 |     4 |       |       |       ||    52
       Scimitar          |       |       |       |       |       |       |     2 |   121 |    27 ||   150
